AoeStats
← Cheese Burgurs

Arabia

510105569Analyzed
1v1 RM · 3d ago on Sep 29, 2026· 31m 39s· 2 players
Game mode
Random Map
Map size
Tiny (2 player)
Population
200
Speed
Normal
Resources
Standard
Victory
Conquest
Starting age
Dark Age
Ending age
Imperial Age
RankedLock teamsTeams togetherTeam positionsShared explorationLock speedFull tech treeHidden civsTurbo modeCheats
Victory
Defeat
🇻🇳 Saxons · Vietnam
1285
+15
🇨🇴 Wei · Colombia
1269
-15
ffjuanes
6:15 Loom
8:57 Feudal Age
9:31 Double-Bit Axe
10:14 Double-Bit Axe
14:16 Fletching
22:21 Castle Age
22:38 Bloodlines
22:22 Horse Collar
22:33 Gold Mining
25:41 Scale Barding Armor
28:16 Bow Saw
Cheese Burgurs
7:50 Loom
9:43 Feudal Age
10:52 Double-Bit Axe
13:33 Fletching
16:41 Horse Collar
22:42 Castle Age
20:57 Padded Archer Armor
22:30 Gold Mining
22:35 Stone Mining
23:18 Bodkin Arrow
22:47 Crossbowman
29:09 Squires
32:05 Wheelbarrow
Connection lost

Rejoining the realm…

Still unreachable

The connection could not be restored.

Session expired

The server has moved on; the page needs a fresh start.